Map: Tokamak LE

Players

Rebok - Winner!

  • Race: Zerg Zerg
  • League: Gold
  • Spawn Location: 7:00

LigerMaNN

  • Race: Zerg Zerg
  • League: Diamond
  • Spawn Location: 1:00

VOD

Have the link to the VOD?

Description

Time

  • Played on: June 3, 2025, 10:35 p.m.
  • Length: 6:29
Show
View Real Time Build Order
Export as new Build Order

Rebok Zerg - Winner!

Build Orders: Hatch First 

Get SALT Encoding   

  12  0:00  Drone  
  13  0:12  Overlord  
  13  0:16  Drone  
  14  0:30  Drone x2  
  16  0:46  Hatchery  
  16  0:49  Drone  
  16  0:53  Drone  
  17  1:07  Spawning Pool  
  17  1:10  Drone  
  17  1:13  Drone  
  18  1:19  Drone  
  19  1:27  Overlord  
  19  1:38  Drone  
  20  1:56  Queen  
  20  1:57  Zergling x2  
  20  1:58  Queen  
  20  1:59  Zergling x2  
  26  2:01  Drone  
  27  2:09  Drone  
  27  2:11  Overlord  
  28  2:20  Drone  
  28  2:21  Drone  
  30  2:30  Drone  
  30  2:32  Queen  
  30  2:33  Drone  
  34  2:37  Extractor  
  34  2:38  Extractor  
  34  2:43  Drone x2  
  34  2:52  Drone  
  34  2:54  Drone  
  36  3:02  Overlord  
  36  3:05  Drone x3  
  38  3:12  Drone x4  
  43  3:18  Drone  
  44  3:21  Lair  
  44  3:23  Drone  
  45  3:35  Evolution Chamber  
  45  3:36  Evolution Chamber  
  45  3:41  Roach Warren  
  42  3:44  Drone x4, Overlord  
  42  3:45  Extractor  
  45  3:57  Drone x2  
  45  3:58  Drone x2  
  49  4:06  Zerg Missile Weapons Level 1  
  49  4:09  Drone x2  
  51  4:11  Spine Crawler  
  51  4:12  Overlord x2  
  50  4:20  Glial Reconstitution  
  50  4:22  Roach  
  50  4:23  Roach  
  54  4:32  Roach x4  
  54  4:33  Roach x2  
  68  4:45  Roach  
  68  4:46  Roach x2  
  68  4:50  Overlord  
  72  4:53  Overlord  
  72  5:00  Roach  
  72  5:01  Roach  
  72  5:02  Overlord  
  72  5:03  Overlord x2  
  76  5:13  Roach x3  
  82  5:17  Roach  
  84  5:22  Roach  
  84  5:24  Roach x3  
  92  5:30  Roach x4  
  92  5:32  Roach  
  102  5:47  Hatchery, Roach  
  102  5:48  Roach  
  107  5:57  Roach  
  107  5:58  Overlord  
  107  5:59  Overlord x2  
Show
View Real Time Build Order
Export as new Build Order

LigerMaNN Zerg 

Build Orders: Hatch First 

Get SALT Encoding   

  12  0:01  Drone  
  13  0:13  Overlord  
  14  0:21  Drone  
  14  0:32  Drone x2  
  16  0:40  Drone  
  17  0:51  Hatchery  
  17  0:55  Drone  
  17  0:59  Drone  
  18  1:08  Extractor  
  17  1:15  Spawning Pool  
  17  1:18  Drone  
  17  1:22  Drone  
  18  1:28  Drone  
  19  1:39  Overlord  
  19  2:03  Queen x2  
  19  2:05  Zergling x6  
  26  2:13  Metabolic Boost  
  26  2:19  Drone x2  
  28  2:32  Drone x2  
  30  2:41  Hatchery  
  28  2:57  Queen  
  30  2:58  Drone x2  
  30  2:59  Drone  
  30  3:01  Drone  
  30  3:03  Drone  
  35  3:06  Drone  
  35  3:12  Overlord  
  36  3:16  Overlord  
  34  3:44  Drone  
  34  3:45  Drone x5  
  34  3:48  Lair  
  40  3:52  Overlord  
  40  3:53  Overlord x2  
  40  3:54  Queen  
  42  4:11  Drone x3, Evolution Chamber, Extractor  
  42  4:12  Roach Warren, Extractor  
  42  4:14  Drone x2  
  42  4:16  Drone  
  44  4:33  Drone x2  
  44  4:34  Drone  
  47  4:53  Roach  
  47  4:54  Roach x6  
  47  4:56  Zergling x10  
  66  5:02  Drone x2  
  68  5:07  Drone x2  
  68  5:08  Drone, Extractor  
  68  5:13  Roach  
  72  5:14  Zergling x2  
  72  5:15  Zergling x2  
  72  5:16  Zergling x2  
  75  5:39  Roach  
  75  5:40  Roach x2  
  75  5:41  Overlord x4  
  75  5:42  Overlord  
Tags
 
Matchup
ZvZ
Race
Zerg
Replay Pack
June 2025
Spawn Locations
Cross Positions
Add a new tag
Caveats
  • Supply blocks, unpowered buildings, or Contaminate may cause inaccurate times.
  • Supply counts are checked every 10 seconds.